 Dungeon Crawl Stone Soup version 0.32-a0-871-ge202e49 (webtiles) character file.

Game seed: 2591802720509567730

57 Meow the Conjurer (level 4, 34/36 HPs)
             Began as a Naga Conjurer on Mar 29, 2024.
             Quit the game on level 2 of the Dungeon.
             The game lasted 00:03:25 (1385 turns).

Meow the Conjurer (Naga Conjurer)                   Turns: 1385, Time: 00:03:26

Health: 34/36      AC:  2    Str:  9    XL:     4   Next: 0%
Magic:  5/8        EV:  8    Int: 20    God:
Gold:   67         SH:  0    Dex: 10    Spells: 6/9 levels left

rFire   . . .        a - +0 whip
rCold   . . .        (no shield)
rNeg    . . .        c - +0 robe
rPois   +            (no helmet)
rElec   .            (no cloak)
rCorr   .            (no gloves)
SInv    +            (no barding)
Will    .....        (no amulet)
Stlth   ++           (no ring)
HPRegen 0.26/turn    (no ring)
MPRegen 0.11/turn

%: no passive effects
@: short of breath, very slow
A: AC +1, large, see invisible, deformed body, poison resistance, slowness 2,
spit poison 1, naga tail 1
a: Spit Poison


You were on level 2 of the Dungeon.
You visited 1 branch of the dungeon, and saw 2 of its levels.

You collected 67 gold pieces.

Inventory:

Hand Weapons
 a - a +0 whip (weapon)
Missiles
 d - 11 stones
 f - 4 poisoned darts
Armour
 c - a +0 robe (worn)
Scrolls
 e - a scroll of brand weapon {unknown}
 g - a scroll of blinking {unknown}
 k - a scroll of enchant weapon {unknown}
 l - a scroll of identify {unknown}
Potions
 b - a potion of magic
 h - a potion of lignification {unknown}
 i - a potion of enlightenment {unknown}
 j - a potion of resistance {unknown}


   Skills:
 - Level 1.5 Dodging
 - Level 3.0 Stealth
 + Level 3.0 Spellcasting
 + Level 4.7 Conjurations


You had 6 spell levels left.
You knew the following spells:

 Your Spells              Type           Power      Damage    Failure   Level
a - Magic Dart            Conj           88%        1d7       1%          1
b - Searing Ray           Conj           44%        2d6       3%          2

Your spell library contained the following spells:

 Spells                   Type           Power      Damage    Failure   Level
 Fulminant Prism          Conj/Alch      6%         3d6       47%         4
 Iskenderun's Mystic Bla Conj/Tloc 12%            2d5        (+2d2     47%         4


Dungeon Overview and Level Annotations

Branches:
Dungeon (2/15)

Altars:
Qazlal


Innate Abilities, Weirdness & Mutations

Your serpentine skin is tough. (AC +1)
You have supernaturally acute eyesight. (SInv)
Armour fits poorly on your strangely shaped body.
Your system is resistant to poisons. (rPois)
You cover ground very slowly.
You can spit poison.
You have a snake-like lower body.


Message History

Press: ? - help, Shift-Dir - straight line, f - ball python
Aim: a ball python (asleep, 100% to hit)
The magic dart hits the ball python.
The ball python is severely wounded.
The ball python hisses angrily.
Unknown command.
Aiming: Spit Poison (2% risk of failure)
Press: ? - help, Shift-Dir - straight line, f/p - ball python
Aim: a ball python (severely wounded, 54% to hit)
The splash of poison hits the ball python.
The ball python is poisoned.
You kill the ball python!
Unknown command.
You see here a ball python corpse.
You have got your breath back.
A bat comes into view.
Aiming: Spit Poison (2% risk of failure)
Press: ? - help, Shift-Dir - straight line, f - bat
Aim: a bat (41% to hit)
The splash of poison misses the bat.
The bat barely misses you.
Unknown command.
Casting: Magic Dart (safe; 1% risk of failure)
Confirm with . or Enter, or press ? or * to list all spells.
Aiming: Magic Dart (safe; 1% risk of failure)
Press: ? - help, Shift-Dir - straight line, f/p - bat
Aim: a bat (100% to hit)
The magic dart hits the bat.
The bat is severely wounded.
The bat hits you. x2
Unknown command.
Casting: Magic Dart (safe; 1% risk of failure)
Confirm with . or Enter, or press ? or * to list all spells.
Aiming: Magic Dart (safe; 1% risk of failure)
Press: ? - help, Shift-Dir - straight line, f/p - bat
Aim: a bat (severely wounded, 100% to hit)
The magic dart hits the bat.
You kill the bat!
You have reached level 4!
You feel agile.
Are you sure you want to abandon this character and quit the game? (Confirm with "yes".)

#### ##...## .......
.......###########
.......@.........#
##...#...........#.#
#. #...........#.#
## #......#†#....#
.# ########.##...#
.# #.##...# .#
#.##...# .#
#....).####
.########
######.......#


There were no monsters in sight!

Vanquished Creatures
  An adder (D:2)
  3 dart slugs
  4 endoplasms
  4 goblins
  5 hobgoblins
  4 jackals (D:1)
  A kobold (D:1)
  3 quokkas (D:1)
  5 ball pythons
  3 bats
33 creatures vanquished.

Notes
Turn   | Place    | Note
-------+----------+-------------------------------------------
     0 | D:1      | Meow the Naga Conjurer began the quest for the Orb.
     0 | D:1      | Reached XP level 1. HP: 15/15 MP: 3/3
   223 | D:1      | Reached XP level 2. HP: 22/22 MP: 1/5
   226 | D:1      | Learned a level 2 spell: Searing Ray
   609 | D:1      | Reached XP level 3. HP: 28/28 MP: 2/6
  1192 | D:2      | Found a stormy altar of Qazlal.
  1385 | D:2      | Reached XP level 4. HP: 34/36 MP: 5/8
  1385 | D:2      | Quit the game

Illustrated notes

Levels and vault maps discovered:
D:1:      minmay_arrival_jagged, layout_rooms
D:2:      layout_basic, basic_altar, serial_park_tiny_2

Skill      XL: |  1  2  3 |
---------------+----------+-----
Spellcasting   | 3 |  3.0
Dodging        | |  1.5
Stealth        | |  3.0
Conjurations   | |  4.7

Action                     |  1- 3 |  4- 6 || total
---------------------------+-------+-------++-------
  Melee: Dagger            |     7 |       ||     7
   Cast: Magic Dart        |    42 |       ||    42
         Searing Ray       |     2 |       ||     2
Ability: Spit Poison       |    26 |       ||    26
 Armour: Robe              |    10 |       ||    10
  Dodge: Dodged            |    10 |       ||    10

Table legend: (Time is in decaauts)
 A = Elapsed time spent in this place.
 B = Non-inter-level travel time spent in this place.
 C = Inter-level travel time spent in this place.
 D = Time resting spent in this place.
 E = Time spent auto-exploring this place.
 F = Levels seen in this place.
 G = Mean time per level.
                   A        B        C        D        E       F      G
               +--------+--------+--------+--------+--------+-----+--------+
         Total |   1702 |   1651 |     51 |    477 |    968 |   2 |  851.0 |
       Dungeon |   1702 |   1651 |     51 |    477 |    968 |   2 |  851.0 |
               +--------+--------+--------+--------+--------+-----+--------+

Top non-repeatable levels by time:
     D:1: 1322 daAuts
     D:2: 379 daAuts
